 Dungeon Crawl Stone Soup version 0.17-a0-1987-gaf5a542 (webtiles) character file.

62 tp1 the Skirmisher (level 4, -8/25 HPs)
             Began as a Gargoyle Berserker on Oct 6, 2015.
             Was a Believer of Trog.
             Killed by nerve-wracking pain
             ... invoked by Grinder
              (12 damage)
             ... on level 3 of the Dungeon.
             The game lasted 00:07:24 (1334 turns).

tp1 the Skirmisher (Gargoyle Berserker)             Turns: 1334, Time: 00:07:26

Health: -8/25      AC: 13    Str: 22    XL:     4   Next: 8%
Magic:  4/4        EV: 10    Int:  7    God:    Trog [**....]
Gold:   137        SH:  0    Dex:  9    Spells: 0 memorised, 3 levels left

rFire  . . .     SeeInvis .     h - +2 hand axe (chop)
rCold  + . .     Clarity  .     e - +2 scale mail {rC+}
rNeg   + . .     SustAt   .     (no shield)
rPois  ∞         Gourm    .     (no helmet)
rElec  +         Spirit   .     (no cloak)
rCorr  .         Warding  .     f - +0 pair of gloves
rMut   .         Stasis   .     (no boots)
MR     ++...                    (no amulet)
Stlth  ..........               (no ring)
                                (no ring)

@: exhausted, regenerating, slowed, very slow, very resistant to hostile
enchantments, extremely unstealthy
A: blurry vision 1, frail 1, negative energy resistance 1, electricity
resistance, unbreathing, petrification resistance, rot immunity, AC +3
a: Burn Spellbooks, Berserk, Trog's Hand, Renounce Religion


You were on level 3 of the Dungeon.
You worshipped Trog.
Trog was pleased with you.
You were near starving.

You visited 1 branch of the dungeon, and saw 3 of its levels.

You collected 137 gold pieces.

Inventory:

Hand Weapons
 a - a +0 hand axe
 h - a +2 hand axe of chopping (weapon)
Armour
 b - a +0 animal skin
 e - a +2 scale mail of cold resistance (worn)
 f - a +0 pair of gloves (worn)
 g - a +0 scale mail
Scrolls
 i - a scroll of noise {unknown}
 k - a scroll of recharging {unknown}
 l - a scroll of immolation {unknown}
 m - a scroll of enchant armour {unknown}
Potions
 j - a potion of agility
Comestibles
 c - a bread ration
 d - 2 meat rations


   Skills:
 - Level 3.4 Fighting
 + Level 3.3 Axes
 + Level 3.2 Armour
 - Level 2.1 Dodging


You had 3 spell levels left.
You didn't know any spells.

Dungeon Overview and Level Annotations

Branches:
Dungeon (3/15)

Altars:
Cheibriados

Annotations:
D:3 Grinder


Innate Abilities, Weirdness & Mutations

You are resistant to torment.
Your stone body is resilient (AC +3).
You are immune to poison.
You resist negative energy.
You are resistant to electric shocks.
You can survive without breathing.
You are immune to petrification.
You are immune to rotting.
Scrolls take you a little longer to read.
You are frail (-10% HP).


Message History

You closely miss Grinder.
Grinder is heavily wounded.
Grinder hits you but does no damage. x2
You closely miss Grinder.
Grinder is heavily wounded.
Grinder closely misses you.
Grinder gestures.
Grinder blinks!
You closely miss Grinder.
Grinder is heavily wounded.
You are near starving!
Grinder hits you but does no damage. Grinder hits you.
* * * LOW HITPOINT WARNING * * *
Use which ability?
Your skin crawls.
You feel resistant to hostile enchantments.
You feel slightly more hungry. Grinder gestures at you.
Pain shoots through your body!
You die...

#..........# .
#..........# .#
#..........# .##.
#.#..........##.
..#.###.#....$........
..#..##.##........###.
..##...............#
..##...............##...
................@.......
.............###5.......
........................
)................####...
............#....# ..
.#####..###.#....# . ..#
##.# #.#....# ..#
.......[..... ..#
..........)....


You could see Grinder.

Vanquished Creatures
  3 oozes (D:1)
  2 giant geckos
  A ball python (D:2)
  2 giant cockroaches (D:1)
  9 goblins
  7 hobgoblins
  4 jackals (D:2)
  3 bats
  4 giant newts (D:2)
  5 kobolds
  9 rats
49 creatures vanquished.

Notes
Turn   | Place    | Note
--------------------------------------------------------------
     0 | D:1      | tp1 the Gargoyle Berserker began the quest for the Orb.
     0 | D:1      | Reached XP level 1. HP: 14/14 MP: 1/1
    44 | D:1      | Reached XP level 2. HP: 16/19 MP: 2/2
   320 | D:1      | Reached XP level 3. HP: 23/23 MP: 3/3
   323 | D:1      | Acquired Trog's second power
   533 | D:1      | Gained mutation: You are frail (-10% HP). [potion of mutation]
   533 | D:1      | Gained mutation: Scrolls take you a little longer to read. [potion of mutation]
   640 | D:2      | Found a snail-covered altar of Cheibriados.
  1034 | D:2      | Reached XP level 4. HP: 22/25 MP: 4/4
  1307 | D:3      | Noticed Grinder
  1307 | D:3      | Paralysed by Grinder for 6 turns
  1334 | D:3      | Killed from afar by Grinder

Vault maps used:
D:1:      erik_arrival_gehennom
D:2:      cheibriados_altar_1
D:3:      kennysheep_generic_room_5, uniq_jessica, uniq_grinder,
          uniq_crazy_yiuf_cottage

Action                   |  1- 3 |  4- 6 || total
-------------------------+-------+-------++-------
Melee: Hand axe          |    76 |    17 ||    93
Invok: Berserk           |     2 |     1 ||     3
       Trog's Hand       |       |     1 ||     1
  Use: Potion            |     2 |     2 ||     4
 Stab: Sleeping          |     2 |       ||     2
  Eat: Chunk             |     2 |     1 ||     3
